 Dungeon Crawl Stone Soup version 0.28.0-47-ge53b351184 (webtiles) character file.

Game seed: 594604097555407240

3 Descartes the Sneak (level 1, -8/10 HPs)
             Began as a Felid Delver on May 4, 2022.
             Killed by divine providence
             ... invoked by an orc priest
              (13 damage)
             ... on level 4 of the Dungeon.
             The game lasted 00:00:32 (87 turns).

Descartes the Sneak (Felid Delver)                    Turns: 87, Time: 00:00:33

Health: -8/10      AC:  1    Str:  8    XL:     1   Next: 41%
Magic:  2/2        EV: 17    Int: 11    God:
Gold:   47         SH:  0    Dex: 17    Spells: 0/0 levels left
                                        Lives:  0   Deaths: 0

rFire   . . .      SeeInvis +     - Unarmed
rCold   . . .      Faith    .   (shield unavailable)
rNeg    . . .      Spirit   .   (armour unavailable)
rPois   .          Reflect  .   (helmet unavailable)
rElec   .          Harm     .   (cloak unavailable)
rCorr   .          Rampage  .   (gloves unavailable)
Will    .....                   (boots unavailable)
Stlth   +++.......              (no amulet)
HPRegen 0.03/turn               (no ring)
MPRegen 0.08/turn               (no ring)

@: quick
A: very small, claws 1, fangs 3, see invisible, speed 1, shaggy fur 1, stealthy
paws, no weapons or thrown items, no armour, multi-lived
a: no special abilities


You were on level 4 of the Dungeon.
You visited 1 branch of the dungeon, and saw 2 of its levels.

You collected 47 gold pieces.

Inventory:

Wands
 e - a wand of digging (3)
Scrolls
 a - a scroll of fog
 b - a scroll of magic mapping
 c - a scroll of fear
Potions
 d - a potion of haste


   Skills:
 + Level 3.0 Fighting
 + Level 2.8 Dodging
 + Level 6.6 Stealth
 + Level 2.0 Unarmed Combat
 + Level 0.2 Evocations


You couldn't memorise any spells.
You didn't know any spells.
Your spell library was empty.

Dungeon Overview and Level Annotations

Branches:
Dungeon (5/15)
 Temple: D:4-7

Altars:

Annotations:
D:5 3 runed translucent doors, HatHat's ghost, amateur MiBe


Innate Abilities, Weirdness & Mutations

You have sharp claws.
You have razor-sharp teeth.
You have supernaturally acute eyesight. (SInv)
You cover ground quickly. (Speed+)
You are covered in fur. (AC +1)
Your paws help you pounce on unaware monsters.
You are incapable of wielding weapons or throwing items.
You cannot wear armour.
You gain extra lives every three experience levels.


Message History

You scratch the worm but do no damage.
The worm is heavily wounded.
The worm closely misses you.
You scratch the worm.
The worm is severely wounded.
You scratch the worm.
The worm is almost dead.
The worm completely misses you.
You scratch the worm.
You kill the worm!
You now have 16 gold pieces.
Found 14 stones.
Found a stone staircase leading down.
Found a stone staircase leading up.
You now have 30 gold pieces (gained 14).
You now have 47 gold pieces (gained 17).
A jelly comes into view.
HatHat's ghost turns its malevolent gaze towards you.
The kobold shouts! x4; You hear a shout!
You hear a shout! x2
The kobold shouts!
The kobold shouts!
There is a stone staircase leading up here.
The kobold brigand shouts!
You climb upwards.
Found 18 bolts.
There is a stone staircase leading down here.
An orc priest comes into view. It is wielding a +0 dagger.
The orc priest shouts!
You hear a shout! x2
You scratch the orc priest but do no damage.
The orc priest hits you with a +0 dagger.
You are too injured to fight recklessly!
You are too injured to fight recklessly!
You closely miss the orc priest. The orc priest barely misses you.
You barely miss the orc priest.
An orc comes into view. It is wielding a +0 trident.
The orc priest invokes the aid of Beogh against you.
Beogh smites you!
Ouch! That really hurt!
You die...

###
...
#.#
##.##
o..
#o#
#@#
#.#
#.#
#>#
#.#
#(#
#.#
..#
...


You could see an orc priest and an orc.

Vanquished Creatures
  A worm (D:5)
1 creature vanquished.

Notes
Turn   | Place    | Note
-------+----------+-------------------------------------------
     0 | D:5      | Descartes the Felid Delver began the quest for the Orb.
     0 | D:5      | Reached XP level 1. HP: 10/10 MP: 2/2
    14 | D:5      | Noticed an orc priest
    41 | D:5      | Found a runed translucent gate.
    41 | D:5      | Found a runed translucent gate.
    41 | D:5      | Found a runed translucent gate.
    45 | D:5      | Noticed HatHat's ghost (amateur MiBe)
    45 | D:5      | Noticed a jelly
    48 | D:5      | Noticed a kobold brigand
    81 | D:4      | Noticed an orc priest
    87 | D:4      | Killed from afar by an orc priest

Illustrated notes

Levels and vault maps discovered:
D:4:      layout_loops_ring, gammafunk_ghost_mausoleum
D:5:      layout_rooms, mainiacjoe_overflow_boulevard, old_standard_altar,
          minmay_temple_entry_trees, gammafunk_ghost_nasty_kobolds,
          serial_shops, shop

Action                   || total
-------------------------++-------
Melee: Unarmed           ||    11
Dodge: Dodged            ||     4
